 Dungeon Crawl Stone Soup version 0.29.1-2-gbd0b4ee654 (webtiles) character file.

Game seed: 1657091269813474391

1157 fireball365 the Cleaver (level 8, -1/66 HPs)
             Began as a Hill Orc Fighter on Oct 30, 2022.
             Was an Initiate of Gozag.
             Killed from afar by an electric eel (7 damage)
             ... with a bolt of electricity
             ... on level 6 of the Dungeon.
             The game lasted 00:20:58 (5819 turns).

fireball365 the Cleaver (Hill Orc Fighter)          Turns: 5819, Time: 00:20:58

Health: -1/66      AC: 15    Str: 21    XL:     8   Next: 39%
Magic:  8/8        EV:  8    Int:  8    God:    Gozag
Gold:   782        SH:  0    Dex: 10    Spells: 7/7 levels left

rFire   . . .      SeeInvis +   E - +1 halberd
rCold   . . .      Faith    .   (shield currently unavailable)
rNeg    + . .      Spirit   .   v - +1 chain mail
rPois   .          Reflect  .   t - +1 helmet
rElec   .          Harm     .   (no cloak)
rCorr   .          Rampage  .   j - +0 pair of gloves
Will    .....                   (no boots)
Stlth   ..........              (no amulet)
HPRegen 0.21/turn               h - ring of positive energy
MPRegen 0.11/turn               (no ring)

@: studying Poison Magic, very slow
A: see invisible, screaming 1
a: Renounce Religion, Potion Petition, Call Merchant, Bribe Branch


You were on level 6 of the Dungeon.
You worshipped Gozag.
Gozag was pleased with you.
You visited 1 branch of the dungeon, and saw 6 of its levels.

You collected 830 gold pieces.
You paid 48 gold pieces to Gozag.

Inventory:

Hand Weapons
 a - a +0 war axe
 E - a +1 halberd (weapon)
Missiles
 g - 4 javelins
 q - 37 stones (quivered)
 u - 11 poisoned darts
Armour
 c - a +0 buckler
 j - a +0 pair of gloves (worn)
 t - a +1 helmet (worn)
 v - a +1 chain mail (worn)
Jewellery
 h - a ring of positive energy (left hand)
 C - a ring of see invisible
Wands
 B - a wand of polymorph (13)
Scrolls
 f - 2 scrolls of teleportation
 i - a scroll of amnesia
 k - 3 scrolls of identify
 l - a scroll of blinking
 m - a scroll of enchant armour
 A - a scroll of enchant weapon
 D - a scroll of silence
 F - a scroll of vulnerability {unknown}
Potions
 d - a potion of might
 e - 3 potions of degeneration
 n - 2 potions of heal wounds {unknown}
 o - a potion of brilliance {unknown}
 p - 2 potions of flight
 r - a potion of resistance {unknown}
 s - a potion of lignification {unknown}
 w - a potion of ambrosia {unknown}
 x - a potion of attraction {unknown}
 z - 2 potions of mutation
 G - a potion of curing


   Skills:
 - Level 3.8 Fighting
 * Level 10.5 Axes
 + Level 6.9 Armour
 - Level 3.4 Shields


You had 7 spell levels left.
You didn't know any spells.
Your spell library contained the following spells:

 Spells                   Type           Power      Damage    Failure   Level
 Necrotise                Necr           0%         1d4       98%         1
 Shock                    Conj/Air       0%         1d3       98%         1
 Dazzling Flash           Conj/Hex       0%         N/A       100%        3
 Stone Arrow              Conj/Erth      0%         3d7       100%        3
 Swiftness                Air            0%         N/A       100%        3
 Vampiric Draining        Necr           0%         2d6       100%        3
 Airstrike                Air            0%         2d(0-16)  100%        4
 Animate Armour           Summ/Erth      0%         N/A       100%        4
 Iskenderun's Mystic Bla  Conj/Tloc      0%         2d3       100%        4
 Agony                    Necr           0%         N/A       100%        5
 Starburst                Conj/Fire      0%         6d3       100%        6
 Lehudib's Crystal Spear  Conj/Erth      0%         10d2      100%        8


Dungeon Overview and Level Annotations

Branches:
Dungeon (6/15)
 Temple: D:4-7

Altars:
Elyvilon
Gozag
Nemelex Xobeh


Innate Abilities, Weirdness & Mutations

You have supernaturally acute eyesight. (SInv)
You occasionally shout uncontrollably at your foes.


Message History

The howler monkey hoots and howls with incredible vigour!
The howler monkey hits you but does no damage.
You hit the howler monkey.
The howler monkey is moderately wounded.
The howler monkey hits you.
* * * LOW HITPOINT WARNING * * *
You slash the howler monkey!
The howler monkey is severely wounded.
The howler monkey hits you but does no damage.
The howler monkey barely misses you.
You closely miss the howler monkey.
The howler monkey is severely wounded.
The howler monkey barely misses you.
You slash the howler monkey!
You kill the howler monkey!
You now have 782 gold pieces (gained 6).
k - 3 scrolls of identify (gained 1)
You enter the shallow water.
Moving in this stuff is going to be slow.
The electric eel shoots out a bolt of lightning at you!
The bolt of electricity hits you!
You see here 4 gold pieces.
The electric eel shoots out a bolt of lightning at you!
The bolt of electricity hits you!
You barely miss the electric eel.
The electric eel shoots out a bolt of lightning at you!
The bolt of electricity hits you! x2
The bolt of electricity hits the electric eel.
The electric eel completely resists.
Your unstable footing causes you to fumble your attack.
The electric eel shoots out a bolt of lightning at you!
The bolt of electricity misses you. The bolt of electricity hits you!
* * * LOW HITPOINT WARNING * * *
The bolt of electricity hits the electric eel.
The electric eel completely resists.
You closely miss the electric eel.
The electric eel shoots out a bolt of lightning at you!
The bolt of electricity misses you. The bolt of electricity hits you!
You die...
Your body crumbles into a pile of gold.

####.# ##~~P~~~♣PP..# #>...#
##.~PP~~♣~~P. #..###
#.##P~PP♣~~~ #..##
#.....PP♣~≈≈ #...####
####.~~~~♣ ~ ######.#....#
#(.P~♣♣ hP
#......##...######~~P~≈≈♣~P~
#.####.##...##.~P~~~♣≈♣~~P.~
#.# #.##...#P~@~~♣≈♣≈~.~~P.
#.# #.####...~S♣~~~~.P~....
#.# #.......~$~~.~.~P......
#.# #.#####.#.#..#.####.###
#.# #.# #.#.#..#.# #
#.####.#####.#.####.#
#.#......#.....# #.#
#.#.##.#.#.#.### ..#
#.......<#.#)# ..#


You could see an electric eel.

Vanquished Creatures
  A wraith (D:5)
  Menkaure (D:4)
  4 ice beasts
  2 scorpions
  A howler monkey (D:6)
  An electric eel (D:6)
  A hound (D:5)
  A jelly (D:5)
  Natasha (D:4)
  An iguana (D:3)
  6 gnolls (D:5)
  3 adders
  A shadow imp (D:5)
  A white imp (D:5)
  A worm (D:4)
  3 dart slugs
  12 orcs
  9 ball pythons
  7 endoplasms
  3 giant cockroaches
  8 goblins
  7 hobgoblins
  5 kobolds
  5 quokkas
  7 bats
  3 frilled lizards
  6 rats
101 creatures vanquished.

Vanquished Creatures (collateral kills)
  Robin (D:4)
  5 goblins (D:4)
  A hobgoblin (D:4)
7 creatures vanquished.

Vanquished Creatures (others)
  20 plants (D:6)
20 creatures vanquished.

Grand Total: 128 creatures vanquished

Notes
Turn   | Place    | Note
-------+----------+-------------------------------------------
     0 | D:1      | fireball365 the Hill Orc Fighter began the quest for the
                  | Orb.
     0 | D:1      | Reached XP level 1. HP: 19/19 MP: 1/1
     2 | D:1      | Noticed a naga
     2 | D:1      | Noticed a meteoran
     4 | D:1      | Noticed a spriggan
     4 | D:1      | Noticed a vine stalker
     6 | D:1      | Noticed a demonspawn
     6 | D:1      | Noticed a gargoyle
     8 | D:1      | Noticed a minotaur
     8 | D:1      | Noticed a palentonga
    10 | D:1      | Noticed an octopode
    10 | D:1      | Noticed an elf
    12 | D:1      | Noticed a felid
    12 | D:1      | Noticed a tengu
    14 | D:1      | Noticed a troll
    16 | D:1      | Noticed a draconian
    16 | D:1      | Noticed a merfolk
    18 | D:1      | Noticed a vampire
    18 | D:1      | Noticed a formicid
    20 | D:1      | Noticed a demigod
    20 | D:1      | Noticed a ghoul
    22 | D:1      | Noticed an ogre
    22 | D:1      | Noticed a human
    24 | D:1      | Noticed a naga
    26 | D:1      | Noticed a vine stalker
    26 | D:1      | Noticed a minotaur
   517 | D:1      | Reached skill level 3 in Axes
   517 | D:1      | Reached XP level 2. HP: 27/27 MP: 2/2
  1246 | D:2      | Reached XP level 3. HP: 20/33 MP: 3/3
  1375 | D:2      | Reached skill level 4 in Axes
  1611 | D:2      | Found an opulent altar of Gozag.
  1636 | D:2      | Became a worshipper of Gozag Ym Sagoz the Greedy
  1897 | D:2      | Reached XP level 4. HP: 40/40 MP: 4/4
  2235 | D:3      | Found a faded altar of an unknown god.
  2277 | D:3      | Reached skill level 5 in Axes
  2472 | D:3      | Found a white marble altar of Elyvilon.
  2900 | D:4      | Reached XP level 5. HP: 46/46 MP: 5/5
  3004 | D:4      | Identified the +1 scale mail of the Old World {Harm rF+
                  | rC+}
  3107 | D:4      | Noticed Robin
  3123 | D:4      | Killed Robin
  3168 | D:4      | Identified the +1 robe of Lust {Dex+2}
  3217 | D:4      | Noticed Menkaure
  3518 | D:4      | Killed Menkaure
  3519 | D:4      | Reached skill level 6 in Axes
  3519 | D:4      | Reached XP level 6. HP: 8/52 MP: 6/6
  3871 | D:4      | Reached skill level 5 in Armour
  3879 | D:4      | Found a sparkling altar of Nemelex Xobeh.
  3995 | D:4      | Noticed Natasha
  4001 | D:4      | Killed Natasha
  4002 | D:4      | Reached skill level 7 in Axes
  4087 | D:5      | Entered Level 5 of the Dungeon
  4134 | D:5      | Noticed an ice beast
  4154 | D:5      | Killed an ice beast
  4613 | D:5      | Reached XP level 7. HP: 58/58 MP: 7/7
  4668 | D:5      | Reached skill level 8 in Axes
  4942 | D:5      | Noticed a wraith
  4976 | D:5      | Killed a wraith
  4977 | D:5      | Reached skill level 9 in Axes
  4977 | D:5      | Reached XP level 8. HP: 24/66 MP: 8/8
  5261 | D:6      | Reached skill level 10 in Axes
  5514 | D:6      | HP: 3/66 [electric eel/bolt of electricity (2)]
  5515 | D:6      | Gained mutation: You occasionally shout uncontrollably at
                  | your foes. [potion of mutation]
  5515 | D:6      | Gained mutation: You have supernaturally acute eyesight.
                  | (SInv) [potion of mutation]
  5819 | D:6      | Killed from afar by an electric eel

Illustrated notes

Levels and vault maps discovered:
D:1:      kb_arrival_jail, layout_basic
D:2:      layout_basic, basic_altar, minmay_goblin_kobold_house
D:3:      layout_rooms, lemuel_round_altar, ebering_ecumenical_altar_mist
D:4:      layout_loops_ring, nemelex_dance_club_becter, uniq_robin,
          uniq_menkaure, uniq_natasha
D:5:      layout_loops_ring, minmay_manual_mandibuliform
D:6:      layout_basic, minmay_temple_entry_drinking_statues,
          serial_bayou_lagoon_a, uniq_prince_ribbit1, uniq_grinder

Skill      XL: |  1  2  3  4  5  6  7  8 |
---------------+-------------------------+-----
Axes           | 3 4 5 6 7 9 10 | 10.5
Armour         | 4 5 6 |  6.9
Fighting       | |  3.8
Shields        | |  3.4

Action                   |  1- 3 |  4- 6 |  7- 9 || total
-------------------------+-------+-------+-------++-------
Melee: War axe           |    85 |   137 |    80 ||   302
       Halberd           |       |       |    37 ||    37
Evoke: Wand              |       |       |     2 ||     2
  Use: Scroll            |     1 |     8 |     4 ||    13
       Potion            |       |     1 |     3 ||     4
 Stab: Distracted        |       |       |     2 ||     2
Armor: Scale mail        |    81 |    11 |       ||    92
       Chain mail        |       |    59 |    74 ||   133
Dodge: Dodged            |   104 |    52 |    38 ||   194
Block: Buckler           |    47 |    25 |    11 ||    83
